 Dungeon Sprint DCSS version 0.16-a0-1183-g5b05a17 (webtiles) character file.

543 Ololoev the Deadly Accurate (level 7, 0/66 HPs)
             Began as an Ogre Hunter on Oct 10, 2014.
             Was a Follower of Trog.
             Slain by a quasit (2 damage)
             ... summoned by a kobold demonologist
             ... in the Dungeon (Sprint I: "Red Sonja").
             The game lasted 00:03:46 (743 turns).

Ololoev the Deadly Accurate (Ogre Hunter)            Turns: 743, Time: 00:03:46

Health: 0/66       AC: -17   Str: 20      XL:     7   Next: 27%
Magic:  7/7        EV: 10    Int: 10      God:    Trog [*.....]
Gold:   238        SH:  0    Dex:  9 (10) Spells: 0 memorised, 6 levels left

rFire  . . .     SeeInvis +     m - +0 giant spiked club
rCold  . . .     Clarity  .     d - +0 animal skin
rNeg   . . .     SustAb   .     (shield restricted)
rPois  .         Gourm    .     (helmet restricted)
rElec  .         Spirit   .     (no cloak)
rCorr  .         Warding  .     (gloves unavailable)
rMut   .         NoTele   +     (boots unavailable)
MR     .....                    (no amulet)
Stlth  +.........               (no ring)
                                e - ring of see invisible

@: exhausted, corroded equipment, very slightly contaminated, hasted and slowed,
not resistant to hostile enchantments, very unstealthy
A: unfitting armour, tough skin 1
a: Burn Spellbooks, Berserk, Renounce Religion


You were in the Dungeon.
You worshipped Trog.
Trog was aware of your devotion.
You were hungry.

You visited 1 branch You collected 433 gold pieces.
You spent 195 gold pieces at shops.

Inventory:

Hand weapons
 m - a +0 giant spiked club (weapon)
Missiles
 c - 5 large rocks (quivered)
 l - a throwing net
Armour
 d - a +0 animal skin (worn)
Magical devices
 b - a wand of invisibility (0)
Comestibles
 f - a meat ration
Scrolls
 k - a scroll of blinking
Jewellery
 e - a ring of see invisible (left hand)
Potions
 i - 2 potions of magic
 j - a potion of berserk rage


   Skills:
 - Level 2.6 Fighting
 - Level 1.3 Maces & Flails
 + Level 16.0 Throwing
 - Level 1.7 Dodging
 - Level 0.7 Stealth


You had 6 spell levels left.
You didn't know any spells.

Dungeon Overview and Level Annotations

Branches:
Dungeon (1/1)

Altars:
Cheibriados
Dithmenos
Elyvilon
Fedhas
Gozag
Kikubaaqudgha
Makhleb
Nemelex Xobeh
Okawaru
Qazlal
Sif Muna
Trog
Vehumet
Xom
Yredelemnul
Zin
The Shining One
Jiyva

Shops:
D =


Innate Abilities, Weirdness & Mutations

You are too large for most types of armour.
You have tough skin (AC +1).


Message History

* * * LOW HITPOINT WARNING * * *
The rust devil touches you.
* * * LOW HITPOINT WARNING * * *
The rust devil corrodes your equipment!
The kobold demonologist gestures wildly while chanting.
You feel troubled.
There is an open door here.
The kobold demonologist mumbles some strange words.
The kobold demonologist's eyes start to glow.
The kobold demonologist's eyes start to glow.
There is an open door here.
The iron imp disappears in a puff of smoke!
The kobold demonologist looks braver.
The kobold demonologist gestures wildly while chanting.
You feel a wave of unholy energy pass over you.
The quasit bites you.
* * * LOW HITPOINT WARNING * * *
You feel clumsy. The quasit claws you.
You die...

##########################
#<.#..)..#..@55#__#4.5.5.#
#..)..#..)..#..4..K5.#5..#
#..#####'#####'#__####3..+
#..####..#...#.#### ####
#..#__####..##)#
#..#_..._##'#..+
#⌠⌠#_.∩...'..._#
####_..._##_.#'#
#_____###+#.#


You could see a rust devil, a kobold demonologist, a quasit, a crimson imp and
an ufetubus.

Vanquished Creatures
  A slime creature (D)
  A yak (D)
  An ogre (D)
  Sigmund (D)
  A jelly (D)
  Ijyb (D)
  A giant eyeball (D)
7 creatures vanquished.

Vanquished Creatures (others)
  A gargoyle (D)
1 creature vanquished.

Grand Total: 8 creatures vanquished

Notes
Turn   | Place    | Note
--------------------------------------------------------------
     0 | D        | Ololoev, the Ogre Hunter, began the quest for the Orb.
     0 | D        | Reached XP level 1. HP: 22/22 MP: 1/1
     1 | D        | Noticed Ijyb
    13 | D        | Killed Ijyb
    13 | D        | Reached skill level 7 in Throwing
    13 | D        | Reached XP level 2. HP: 13/29 MP: 2/2
   186 | D        | Noticed an ogre
   191 | D        | Killed an ogre
   191 | D        | Reached skill level 10 in Throwing
   191 | D        | Reached XP level 3. HP: 36/36 MP: 3/3
   191 | D        | Reached XP level 4. HP: 44/44 MP: 4/4
   199 | D        | Killed a gargoyle
   208 | D        | Noticed Sigmund
   221 | D        | Killed Sigmund
   221 | D        | Reached skill level 12 in Throwing
   221 | D        | Reached XP level 5. HP: 29/50 MP: 5/5
   342 | D        | Found a deep blue altar of Sif Muna.
   343 | D        | Noticed a jelly
   344 | D        | Found a radiant altar of Vehumet.
   345 | D        | Killed a jelly
   352 | D        | Found Gaenaol's Jewellery Emporium.
   352 | D        | Found a white marble altar of Elyvilon.
   352 | D        | Found a stormy altar of Qazlal.
   352 | D        | Found a burning altar of Makhleb.
   352 | D        | Found a basalt altar of Yredelemnul.
   352 | D        | Found a glowing golden altar of the Shining One.
   352 | D        | Found a sparkling altar of Nemelex Xobeh.
   352 | D        | Found a shimmering altar of Xom.
   352 | D        | Found an opulent altar of Gozag.
   352 | D        | Found an ancient bone altar of Kikubaaqudgha.
   352 | D        | Found a glowing silver altar of Zin.
   352 | D        | Noticed a yak
   356 | D        | Killed a yak
   356 | D        | Reached skill level 14 in Throwing
   356 | D        | Reached XP level 6. HP: 42/59 MP: 6/6
   357 | D        | Found an iron altar of Okawaru.
   359 | D        | Found a bloodstained altar of Trog.
   363 | D        | Became a worshipper of Trog the Wrathful
   421 | D        | Bought an uncursed ring of see invisible for 195 gold pieces
   442 | D        | Found a snail-covered altar of Cheibriados.
   442 | D        | Found a shadowy altar of Dithmenos.
   442 | D        | Noticed a slime creature
   443 | D        | Found a viscous altar of Jiyva.
   443 | D        | Found a blossoming altar of Fedhas.
   454 | D        | Killed a slime creature
   454 | D        | Acquired Trog's first power
   454 | D        | Reached skill level 16 in Throwing
   454 | D        | Reached XP level 7. HP: 13/66 MP: 7/7
   715 | D        | Noticed a kobold demonologist
   716 | D        | Noticed a kobold demonologist
   724 | D        | Noticed a smoke demon
   725 | D        | Noticed a smoke demon
   731 | D        | Noticed a chaos spawn
   732 | D        | Noticed a rust devil
   737 | D        | HP: 3/66 [rust devil[a kobold demonologist] (2)]
   738 | D        | Noticed a sixfirhy
   743 | D        | HP: 2/66 [quasit[a kobold demonologist] (2)]
   743 | D        | Slain by a quasit

Action                   |  1- 3 |  4- 6 |  7- 9 || total
-------------------------+-------+-------+-------++-------
Melee: Club              |     5 |       |       ||     5
       Giant spiked club |       |     8 |    13 ||    21
Throw: Large rock        |    10 |    15 |       ||    25
       Throwing net      |     2 |     2 |       ||     4
Invok: Berserk           |       |       |     1 ||     1
  Use: Potion            |       |     1 |     3 ||     4
